 Dungeon Crawl Stone Soup version 0.19.1-1-g22dce08 (webtiles) character file.

79 loralnil the Sneak (level 4, -1/30 HPs)
             Began as a Vampire Enchanter on Jan 14, 2017.
             Slain by a gnoll
             ... wielding a +0 halberd
              (15 damage)
             ... on level 1 of the Dungeon.
             The game lasted 00:05:23 (2179 turns).

loralnil the Sneak (Vampire Enchanter)              Turns: 2179, Time: 00:05:24

Health: -1/30      AC:  6    Str:  7    XL:     4   Next: 16%
Magic:  0/7        EV: 13    Int: 18    God:
Gold:   64         SH:  0    Dex: 14    Spells: 3 memorised, 1 level left

rFire  . . .     SeeInvis +     a - +1 dagger
rCold  . . .     Gourm    .     b - +1 robe
rNeg   + . .     Faith    .     (no shield)
rPois  .         Spirit   .     o - +2 helmet
rElec  .         Reflect  .     (no cloak)
rCorr  .         Harm     .     (no gloves)
MR     .....                    (no boots)
Stlth  +++.......               (no amulet)
                                (no ring)
                                (no ring)

@: very slightly contaminated
A: fangs 3, see invisible, unbreathing
a: Bat Form


You were on level 1 of the Dungeon.
You were not thirsty.

You visited 1 branch of the dungeon, and saw 2 of its levels.

You collected 64 gold pieces.

Inventory:

Hand Weapons
 a - a +1 dagger (weapon)
Armour
 b - a +1 robe (worn)
 o - a +2 helmet (worn)
Wands
 n - a wand of lightning (2/15)
Scrolls
 g - a scroll of identify {unknown}
 m - a scroll of teleportation {unknown}
 p - a scroll of fear {unknown}
Potions
 d - 2 potions of blood
 e - a potion of haste {unknown}
 f - a potion of heal wounds {unknown}
 h - a potion of mutation {unknown}
 i - 2 potions of magic {unknown}
 j - 3 potions of curing {unknown}
 k - a potion of ambrosia {unknown}
 l - 2 potions of resistance {unknown}
Books
 c - a book of Maledictions

   Spells                             Type                      Level
   a - Corona                         Hexes                        1
   b - Ensorcelled Hibernation        Hexes/Ice                    2
   c - Confuse                        Hexes                        3
   d - Tukima's Dance                 Hexes                        3
   e - Dazzling Spray                 Conjuration/Hexes            3


   Skills:
 + Level 2.2 Short Blades
 + Level 2.4 Dodging
 + Level 5.6 Stealth
 + Level 2.3 Spellcasting
 + Level 4.9 Hexes
 + Level 1.1 Ice Magic


You had one spell level left.
You knew the following spells:

 Your Spells              Type           Power        Failure   Level  Hunger
a - Corona                Hex            ###....      1%          1    #......
b - Ensorcelled Hibernat  Hex/Ice        ##....       10%         2    ##.....
c - Confuse               Hex            ###.....     10%         3    ###....


Dungeon Overview and Level Annotations

Branches:
Dungeon (2/15)

Altars:
Okawaru


Innate Abilities, Weirdness & Mutations

You have razor-sharp teeth.
You have supernaturally acute eyesight. (SInv)
You can survive without breathing.


Message History

There is a stone staircase leading down here.
Casting: Ensorcelled Hibernation
Confirm with . or Enter, or press ? or * to list all spells.
Aiming: Ensorcelled Hibernation
Press: ? - help, Shift-Dir - straight line, f - gnoll
Aim: a gnoll, wielding a halberd (chance to defeat MR: 52%)
You miscast Ensorcelled Hibernation.
You are very lightly contaminated with residual magic.
Multicoloured lights dance before your eyes!
You hit the gnoll. Your bite misses the gnoll.
The gnoll is lightly wounded.
The gnoll closely misses you.
You barely miss the gnoll.
The gnoll is lightly wounded.
The gnoll closely misses you.
You hit the gnoll.
The gnoll is heavily wounded.
The gnoll hits you with a halberd!
Ouch! That really hurt!
You die...

#.............######.#
#.##.#.#.#.#.###.....#
###.#............#.#####
######....#.#(#.#.#.#...#
...)........(....).).##.#
######.#..#.#.#.#.#.###.#
.....................##.#
######.##(#.#.#.#.#.###.#
#.##>......@g....#.#
#.##.#.#.#)#.#.#...#
#.##............####
#.##.#.#.#.#.#.##
#.##............#
#....#.#.#.#.#.#####
##.................#
#.###.#.#.#.#.###.# #.#
##.######## #.#


You could see a gnoll.

Vanquished Creatures
  An adder (D:2)
  A gnoll (D:1)
  An ooze (D:2)
  2 dart slugs
  A ball python (D:1)
  2 giant cockroaches (D:2)
  4 goblins
  7 hobgoblins
  12 jackals
  3 bats
  4 frilled lizards
  6 kobolds
  3 rats
47 creatures vanquished.

Notes
Turn   | Place    | Note
-------+----------+-------------------------------------------
     0 | D:1      | loralnil the Vampire Enchanter began the quest for the Orb.
     0 | D:1      | Reached XP level 1. HP: 13/13 MP: 3/3
   218 | D:1      | Reached XP level 2. HP: 15/19 MP: 0/5
   267 | D:1      | Learned a level 2 spell: Ensorcelled Hibernation
  1221 | D:1      | Reached XP level 3. HP: 24/24 MP: 3/6
  1302 | D:2      | Reached skill level 1 in Ice Magic
  1354 | D:2      | Reached skill level 5 in Stealth
  1490 | D:2      | Found an iron altar of Okawaru.
  1750 | D:2      | Reached XP level 4. HP: 30/30 MP: 3/7
  1757 | D:2      | Learned a level 3 spell: Confuse
  2179 | D:1      | Slain by a gnoll

Skill      XL: |  1  2  3 |
---------------+----------+-----
Ice Magic      | 1 |  1.1
Short Blades   | 2 |  2.2
Stealth        | 5 |  5.6
Dodging        | |  2.4
Spellcasting   | |  2.3
Hexes          | |  4.9

Action                   |  1- 3 |  4- 6 || total
-------------------------+-------+-------++-------
Melee: Dagger            |   117 |    11 ||   128
       Bite              |     8 |       ||     8
 Cast: Corona            |     7 |       ||     7
       Ensorcelled Hiber |    25 |     7 ||    32
  Use: Potion            |     1 |     3 ||     4
 Stab: Sleeping          |    22 |     1 ||    23
Armor: Robe              |    24 |     4 ||    28
Dodge: Dodged            |    90 |    19 ||   109
